BLB
MAINE GUIDES @ HARTFORD WHALERS
05/05/2060
 
TOP OF THE 1ST
Maine Guides batting - Pitching for Hartford Whalers : RHP Dominic Hahl
Pitching: RHP Dominic Hahl
Batting: RHB Jaret Foley 0-0: Ball
1-0: Ball
2-0: Foul Ball, location: 2F
2-1: Foul Ball, location: 2F
2-2: SINGLE (Groundball, 34D, EV 106.2 MPH)
Batting: RHB Sean Brown 0-0: Ball
Jaret Foley steals 2nd base
1-0: Ball
Wild Pitch!
Jaret Foley to third
2-0: Foul Ball, location: 2F
2-1: Foul Ball, location: 2F
2-2: Strikes out looking
Batting: LHB Tony Wysong 0-0: Ball
1-0: Ball
2-0: Called Strike
2-1: Foul Ball, location: 2F
2-2: Foul Ball, location: 2F
2-2: Ball
3-2: Foul Ball, location: 2F
3-2: Fly out, F8 (Flyball, 78D, EV 99.4 MPH)
Runner from 3rd tags up, SCORES, no throw by CF
Batting: RHB Julian Irwin 0-0: Ball
1-0: Foul Ball, location: 2F
1-1: Ball
2-1: Ball
3-1: Swinging Strike
3-2: Base on Balls
Batting: RHB Brad Pendolino 0-0: Ball
1-0: Called Strike
1-1: Swinging Strike
1-2: Ball
2-2: Strikes out looking
Top of the 1st over - 1 run, 1 hit, 0 errors, 1 left on base; Maine 1 - Hartford 0
BOTTOM OF THE 1ST
Hartford Whalers batting - Pitching for Maine Guides : LHP Devon DeGasperis
Pitching: LHP Devon DeGasperis
Batting: RHB Zyaire Semijenov 0-0: Swinging Strike
0-1: Foul Ball, location: 2F
0-2: Strikes out swinging
Batting: RHB Tyrone Smith 0-0: Ground out 5-3 (Groundball, 56, EV 83.8 MPH)
Batting: LHB Ian Schreiber 0-0: Ball
1-0: Foul Ball, location: 2F
1-1: Ground out 4-3 (Groundball, 4, EV 85.0 MPH)
Bottom of the 1st over - 0 runs, 0 hits, 0 errors, 0 left on base; Maine 1 - Hartford 0
TOP OF THE 2ND
Maine Guides batting - Pitching for Hartford Whalers : RHP Dominic Hahl
Batting: RHB Derek Rosado 0-0: Swinging Strike
0-1: Ball
1-1: Ground out 6-3 (Groundball, 6, EV 103.1 MPH)
Batting: RHB Martin Moorman 0-0: Ball
1-0: Ball
2-0: Swinging Strike
2-1: Swinging Strike
2-2: Ball
3-2: Ground out 6-3 (Groundball, 6, EV 88.1 MPH)
Batting: LHB Damian Counts 0-0: Ball
1-0: Foul Ball, location: 2F
1-1: Foul Ball, location: 2F
1-2: Strikes out swinging
Top of the 2nd over - 0 runs, 0 hits, 0 errors, 0 left on base; Maine 1 - Hartford 0
BOTTOM OF THE 2ND
Hartford Whalers batting - Pitching for Maine Guides : LHP Devon DeGasperis
Batting: LHB Amric Robinson 0-0: Foul Ball, location: 2F
0-1: Foul Ball, location: 2F
0-2: Ball
1-2: Fly out, F8 (Line Drive, 8RM, EV 90.6 MPH)
Batting: RHB Reilly Wren 0-0: Ball
1-0: Foul Ball, location: 2F
1-1: Ball
2-1: Swinging Strike
2-2: Foul Ball, location: 2F
2-2: Foul Ball, location: 2F
2-2: Ball
3-2: Foul Ball, location: 2F
3-2: Base on Balls
Batting: RHB Abel Kazaz 0-0: Called Strike
0-1: SINGLE (Flyball, 89S, EV 91.2 MPH)
Reilly Wren to second
Runner from 2nd tries for 3rd, SAFE, throw by RF made to third
Batting: RHB Seth Floyd 0-0: Swinging Strike
0-1: Ball
1-1: Foul Ball, location: 2F
1-2: Ball
2-2: Foul Ball, location: 2F
2-2: Ball
3-2: Base on Balls
Abel Kazaz to second
Batting: LHB Dalton Winger 0-0: Ball
1-0: Ball
2-0: Ball
3-0: Called Strike
3-1: Base on Balls
Reilly Wren scores
Abel Kazaz to third
Seth Floyd to second
Batting: RHB Simon Moody 0-0: Foul Ball, location: 2F
0-1: Ball
1-1: Grounds into double play, 6-4-3 (Groundball, 6, EV 104.4 MPH)
Bottom of the 2nd over - 1 run, 1 hit, 0 errors, 2 left on base; Maine 1 - Hartford 1
TOP OF THE 3RD
Maine Guides batting - Pitching for Hartford Whalers : RHP Dominic Hahl
Batting: RHB Benjamin Keating 0-0: Called Strike
0-1: Ball
1-1: Foul Ball, location: 2F
1-2: Ball
2-2: Fly out, F8 (Flyball, 8RM, EV 88.8 MPH)
Batting: RHB Jaret Foley 0-0: Called Strike
0-1: Foul Ball, location: 2F
0-2: SINGLE (Line Drive, 89S, EV 93.8 MPH)
Batting: RHB Sean Brown 0-0: Called Strike
Jaret Foley steals 2nd base
0-1: Ground out 6-3 (Groundball, 6, EV 90.6 MPH)
Jaret Foley to third
Batting: LHB Tony Wysong 0-0: Ball
1-0: Foul Ball, location: 2F
1-1: Swinging Strike
1-2: Ball
2-2: Ground out 5-3 (Groundball, 56, EV 81.2 MPH)
Top of the 3rd over - 0 runs, 1 hit, 0 errors, 1 left on base; Maine 1 - Hartford 1
BOTTOM OF THE 3RD
Hartford Whalers batting - Pitching for Maine Guides : LHP Devon DeGasperis
Batting: RHB Zyaire Semijenov 0-0: Swinging Strike
0-1: Ball
1-1: SINGLE (Line Drive, 34D, EV 97.5 MPH)
Batting: RHB Tyrone Smith 0-0: Called Strike
0-1: Foul Ball, location: 2F
0-2: Ball
1-2: Ball
2-2: Fielders Choice at 2nd, 6-4 (Groundball, 6D, EV 100.0 MPH)
Batting: LHB Ian Schreiber 0-0: Ball
1-0: Foul Ball, location: 2F
1-1: Ball
2-1: 2-RUN HOME RUN (Flyball, 9D, EV 98.8 MPH), Distance : 362 ft
Batting: LHB Amric Robinson 0-0: Called Strike
0-1: DOUBLE (Line Drive, 89M, EV 109.4 MPH)
Batting: RHB Reilly Wren 0-0: Called Strike
0-1: Called Strike
0-2: Strikes out swinging
Batting: RHB Abel Kazaz 0-0: Called Strike
0-1: Foul Ball, location: 2F
0-2: Foul Ball, location: 2F
0-2: Strikes out looking
Bottom of the 3rd over - 2 runs, 3 hits, 0 errors, 1 left on base; Maine 1 - Hartford 3
TOP OF THE 4TH
Maine Guides batting - Pitching for Hartford Whalers : RHP Dominic Hahl
Batting: RHB Julian Irwin 0-0: Ball
1-0: Fly out, F9 (Flyball, 9D, EV 85.0 MPH)
Batting: RHB Brad Pendolino 0-0: Ball
1-0: Swinging Strike
1-1: Ball
2-1: Swinging Strike
2-2: Ground out 6-3 (Groundball, 6, EV 98.8 MPH)
Batting: RHB Derek Rosado 0-0: Ball
1-0: Swinging Strike
1-1: Ground out 6-3 (Groundball, 6, EV 88.1 MPH)
Top of the 4th over - 0 runs, 0 hits, 0 errors, 0 left on base; Maine 1 - Hartford 3
BOTTOM OF THE 4TH
Hartford Whalers batting - Pitching for Maine Guides : LHP Devon DeGasperis
Batting: RHB Seth Floyd 0-0: Foul Ball, location: 2F
0-1: Ground out 3-1 (Groundball, 34S, EV 80.0 MPH)
Batting: LHB Dalton Winger 0-0: Fly out, F8 (Line Drive, 8RM, EV 91.2 MPH)
Batting: RHB Simon Moody 0-0: Ball
1-0: Foul Ball, location: 2F
1-1: Ground out 6-3 (Groundball, 6M, EV 83.8 MPH)
Bottom of the 4th over - 0 runs, 0 hits, 0 errors, 0 left on base; Maine 1 - Hartford 3
TOP OF THE 5TH
Maine Guides batting - Pitching for Hartford Whalers : RHP Dominic Hahl
Batting: RHB Martin Moorman 0-0: Ball
1-0: Ball
2-0: Called Strike
2-1: Ball
3-1: SINGLE (Groundball, 34D, EV 96.2 MPH)
Batting: LHB Damian Counts 0-0: Ball
Martin Moorman steals 2nd base
1-0: Ball
2-0: Ball
3-0: Called Strike
3-1: Foul Ball, location: 2F
3-2: Foul Ball, location: 2F
3-2: Foul Ball, location: 2F
3-2: Foul Ball, location: 2F
3-2: Foul Ball, location: 2F
3-2: Hit by Pitch
Batting: RHB Benjamin Keating 0-0: Called Strike
0-1: Ball
1-1: Bunted foul
1-2: SINGLE (Line Drive, 8LS, EV 96.2 MPH)
Martin Moorman to third
Damian Counts to second
Runner from 3rd tries for Home, SAFE, throw by CF to home
Batting: RHB Jaret Foley 0-0: Ball
1-0: Bunted foul
1-1: Sac Bunt to 13 - play at first, batter OUT! 1-4
Damian Counts to third
Benjamin Keating to second
Batting: RHB Sean Brown 0-0: Called Strike
0-1: Ball
1-1: Called Strike
1-2: Strikes out swinging
Batting: LHB Tony Wysong 0-0: Called Strike
0-1: Ball
1-1: Foul Ball, location: 2F
1-2: Foul Ball, location: 2F
1-2: Foul Ball, location: 2F
1-2: Ball
2-2: Strikes out swinging
Top of the 5th over - 1 run, 2 hits, 0 errors, 2 left on base; Maine 2 - Hartford 3
BOTTOM OF THE 5TH
Hartford Whalers batting - Pitching for Maine Guides : LHP Devon DeGasperis
Batting: RHB Zyaire Semijenov 0-0: Foul Ball, location: 2F
0-1: Swinging Strike
0-2: Foul Ball, location: 2F
0-2: Ball
1-2: Strikes out swinging
Batting: RHB Tyrone Smith 0-0: Ball
1-0: Ball
2-0: Ball
3-0: Base on Balls
Batting: LHB Ian Schreiber 0-0: Called Strike
0-1: Called Strike
Tyrone Smith steals 2nd base
0-2: Ball
1-2: 2-RUN HOME RUN (Flyball, 7LD, EV 97.5 MPH), Distance : 354 ft
Pitching: RHP Gavin Lankford
Batting: LHB Amric Robinson 0-0: Called Strike
0-1: Called Strike
0-2: Foul Ball, location: 2F
0-2: Strikes out swinging
Batting: RHB Reilly Wren 0-0: Called Strike
0-1: SINGLE (Groundball, 6MD, EV 94.4 MPH)
Batting: RHB Abel Kazaz 0-0: Ball
1-0: Called Strike
1-1: Fly out, F8 (Line Drive, 8RM, EV 92.5 MPH)
Bottom of the 5th over - 2 runs, 2 hits, 0 errors, 1 left on base; Maine 2 - Hartford 5
TOP OF THE 6TH
Maine Guides batting - Pitching for Hartford Whalers : RHP Dominic Hahl
Pitching: RHP Sutton Briggs
Batting: RHB Julian Irwin 0-0: Foul Ball, location: 2F
0-1: Ball
1-1: Ball
2-1: Swinging Strike
2-2: Strikes out swinging
Batting: RHB Brad Pendolino 0-0: Ball
1-0: Ball
2-0: Ball
3-0: Called Strike
3-1: Foul Ball, location: 2F
3-2: Ground out 4-3 (Groundball, 4, EV 102.5 MPH)
Batting: RHB Derek Rosado 0-0: Called Strike
0-1: Ground out U3 (Groundball, 34, EV 88.8 MPH)
Top of the 6th over - 0 runs, 0 hits, 0 errors, 0 left on base; Maine 2 - Hartford 5
BOTTOM OF THE 6TH
Hartford Whalers batting - Pitching for Maine Guides : RHP Gavin Lankford
Batting: RHB Seth Floyd 0-0: Called Strike
0-1: Swinging Strike
0-2: Ball
1-2: Strikes out swinging
Batting: LHB Dalton Winger 0-0: Foul Ball, location: 2F
0-1: Ground out 6-3 (Groundball, 6, EV 80.0 MPH)
Batting: RHB Simon Moody 0-0: Ball
1-0: Ball
2-0: Ball
3-0: Called Strike
3-1: Swinging Strike
3-2: Strikes out swinging
Bottom of the 6th over - 0 runs, 0 hits, 0 errors, 0 left on base; Maine 2 - Hartford 5
TOP OF THE 7TH
Maine Guides batting - Pitching for Hartford Whalers : RHP Sutton Briggs
Batting: RHB Martin Moorman 0-0: Ball
1-0: Swinging Strike
1-1: Foul Ball, location: 2F
1-2: Ball
2-2: Strikes out looking
Batting: LHB Damian Counts 0-0: Ball
1-0: Ball
2-0: Ball
3-0: Called Strike
3-1: Foul Ball, location: 2F
3-2: Ground out 6-3 (Groundball, 6, EV 105.0 MPH)
Batting: RHB Benjamin Keating 0-0: Called Strike
0-1: Ball
1-1: Swinging Strike
1-2: Ball
2-2: Fly out, F8 (Flyball, 8LM, EV 94.4 MPH)
Top of the 7th over - 0 runs, 0 hits, 0 errors, 0 left on base; Maine 2 - Hartford 5
BOTTOM OF THE 7TH
Hartford Whalers batting - Pitching for Maine Guides : RHP Gavin Lankford
Batting: RHB Zyaire Semijenov 0-0: Ball
1-0: Ball
2-0: Called Strike
2-1: Called Strike
2-2: DOUBLE (Flyball, 8RD, EV 111.9 MPH)
Batting: RHB Tyrone Smith 0-0: SINGLE (Line Drive, 8LS, EV 98.8 MPH)
Zyaire Semijenov to third
Batting: LHB Ian Schreiber 0-0: Called Strike
0-1: Ball
1-1: Swinging Strike
1-2: Ball
2-2: Ball
3-2: Strikes out swinging
Pitching: RHP Ellery Skaleski
Batting: LHB Amric Robinson 0-0: Ball
1-0: Ground out 4-3 (Groundball, 4, EV 78.1 MPH)
Tyrone Smith to second
Batting: RHB Reilly Wren 0-0: Ball
1-0: Called Strike
1-1: Foul Ball, location: 2F
1-2: Ball
2-2: Foul Ball, location: 2F
2-2: Ball
3-2: Base on Balls
Batting: RHB Abel Kazaz 0-0: Hit by Pitch
Zyaire Semijenov scores
Tyrone Smith to third
Reilly Wren to second
Batting: RHB Seth Floyd 0-0: Called Strike
0-1: Foul Ball, location: 2F
0-2: Foul Ball, location: 2F
0-2: Strikes out swinging
Bottom of the 7th over - 1 run, 2 hits, 0 errors, 3 left on base; Maine 2 - Hartford 6
TOP OF THE 8TH
Maine Guides batting - Pitching for Hartford Whalers : RHP Sutton Briggs
Batting: RHB Jaret Foley 0-0: Called Strike
0-1: SINGLE (Line Drive, 9S, EV 98.1 MPH)
Batting: RHB Sean Brown 0-0: Called Strike
0-1: Called Strike
0-2: SINGLE (Groundball, 56D, EV 94.4 MPH)
Jaret Foley to second
Batting: LHB Tony Wysong 0-0: Ball
1-0: Called Strike
1-1: Ball
2-1: Ball
3-1: Base on Balls
Jaret Foley to third
Sean Brown to second
Batting: RHB Julian Irwin 0-0: Ball
1-0: Ball
2-0: Ball
Wild Pitch!
Jaret Foley scores
Sean Brown to third
Tony Wysong to second
3-0: Called Strike
3-1: Foul Ball, location: 2F
3-2: Ground out 3-1 (Groundball, 34, EV 83.8 MPH)
Sean Brown scores
Tony Wysong to third
Batting: RHB Brad Pendolino 0-0: Ball
1-0: Foul Ball, location: 2F
1-1: Ball
2-1: Swinging Strike
2-2: Foul Ball, location: 2F
2-2: Strikes out swinging
Batting: RHB Derek Rosado 0-0: Swinging Strike
0-1: Ball
1-1: Swinging Strike
1-2: Foul Ball, location: 2F
1-2: Ball
2-2: Foul Ball, location: 2F
2-2: Strikes out swinging, 2-3 out at first.
Top of the 8th over - 2 runs, 2 hits, 0 errors, 1 left on base; Maine 4 - Hartford 6
BOTTOM OF THE 8TH
Hartford Whalers batting - Pitching for Maine Guides : RHP Ellery Skaleski
Batting: LHB Dalton Winger 0-0: Ball
1-0: Called Strike
1-1: Ball
2-1: Ball
3-1: Called Strike
3-2: Base on Balls
Batting: RHB Simon Moody 0-0: Bunted foul
0-1: Bunted foul
0-2: Grounds into double play, 4-6-3 (Groundball, 4M, EV 107.5 MPH)
Batting: RHB Zyaire Semijenov 0-0: Ball
1-0: Ball
2-0: DOUBLE (Flyball, 89D, EV 111.2 MPH)
Batting: RHB Tyrone Smith 0-0: Ball
1-0: SINGLE (Groundball, 6MD, EV 94.4 MPH)
Zyaire Semijenov to third
Runner from 3rd tries for Home, SAFE, throw by CF to home
Batting: LHB Ian Schreiber 0-0: Fly out, F8 (Flyball, 8LD, EV 99.4 MPH)
Bottom of the 8th over - 1 run, 2 hits, 0 errors, 1 left on base; Maine 4 - Hartford 7
TOP OF THE 9TH
Maine Guides batting - Pitching for Hartford Whalers : RHP Sutton Briggs
Pitching: RHP Jamal Brown
Now at 2B: Reilly Wren
Now at 3B: Seth Floyd
Now at SS: JaQawn Schiegl
Batting: RHB Martin Moorman 0-0: Ball
1-0: Ball
2-0: Ground out 6-3 (Groundball, 6M, EV 83.8 MPH)
Batting: LHB Damian Counts 0-0: Foul Ball, location: 2F
0-1: Ball
1-1: Foul Ball, location: 2F
1-2: Ball
2-2: Strikes out swinging
Batting: RHB Benjamin Keating 0-0: Called Strike
0-1: Fly out, F8 (Flyball, 78M, EV 71.9 MPH)
Top of the 9th over - 0 runs, 0 hits, 0 errors, 0 left on base; Maine 4 - Hartford 7
Monday, April 29th , 2024 - OOTP Baseball 23.10 Build 110